 Dungeon Crawl Stone Soup version 0.30-a0-1157-g2cc9ac7196 (webtiles) character file.

Game seed: 2256800896939466347

2679 Newt the Thrower (level 9, -3/69 HPs)
             Began as a Demonspawn Gladiator on Apr 24, 2023.
             Was an Elder of Okawaru.
             Shot with an arrow by a centaur (8 damage)
             ... on level 6 of the Dungeon.
             The game lasted 00:09:21 (6587 turns).

Newt the Thrower (Demonspawn Gladiator)             Turns: 6587, Time: 00:09:21

Health: -3/69      AC:  7    Str: 20    XL:     9   Next: 37%
Magic:  9/9        EV: 14    Int:  9    God:    Okawaru [****..]
Gold:   163        SH:  5    Dex: 14    Spells: 8/8 levels left

rFire   . . .        y - +2 battleaxe
rCold   . . .        (shield currently unavailable)
rNeg    . . .        b - +0 leather armour
rPois   .            r - +2 hat
rElec   .            (no cloak)
rCorr   +            (no gloves)
SInv    .            (no boots)
Will    .....        n - amulet of reflection
Stlth   +            s - ring of resist corrosion
HPRegen 0.31/turn    (no ring)
MPRegen 0.22/turn

%: reflection
@: no status effects
A: yellow scales 1, magic regeneration, weakness stinger 1
a: Renounce Religion, Heroism, Finesse


You were on level 6 of the Dungeon.
You worshipped Okawaru.
Okawaru was greatly pleased with you.
You visited 1 branch of the dungeon, and saw 6 of its levels.

You collected 493 gold pieces.
You spent 330 gold pieces at shops.

Inventory:

Hand Weapons
 a - a +0 rapier
 l - a +1 whip of flaming
 p - a +1 dagger of electrocution
 t - a +1 short sword of electrocution
 y - a +2 battleaxe (weapon)
Missiles
 h - 11 stones (quivered)
Armour
 b - a +0 leather armour (worn)
 c - a +0 helmet
 r - a +2 hat (worn)
Jewellery
 n - an amulet of reflection (around neck)
 s - a ring of resist corrosion (left hand)
Wands
 f - a wand of digging (2)
Scrolls
 k - 2 scrolls of noise
 w - a scroll of fear
 x - a scroll of teleportation
Potions
 e - a potion of ambrosia
 g - a potion of might
 i - a potion of haste
 j - a potion of invisibility
 m - a potion of flight
 o - a potion of degeneration {unknown}
 q - 2 potions of lignification
 u - 3 potions of mutation {unknown}
Miscellaneous
 v - a lightning rod (2/4)


   Skills:
 - Level 6.0 Fighting
 - Level 4.0 Short Blades
 + Level 1.6(2.5) Axes
 - Level 2.9(3.2) Maces & Flails
 - Level 8.0 Throwing
 - Level 6.0 Dodging


You had 8 spell levels left.
You didn't know any spells.
Your spell library contained the following spells:

 Spells                   Type           Power      Damage    Failure   Level
 Foxfire                  Conj/Fire      0%         2x1d4     43%         1
 Sting                    Tmut/Pois      0%         1d3       43%         1
 Poisonous Vapours        Pois/Air       0%         N/A       58%         2
 Gell's Gravitas          Tloc           0%         N/A       82%         3
 Teleport Other           Tloc           0%         N/A       82%         3
 Olgreb's Toxic Radiance  Pois           0%         N/A       99%         4
 Fireball                 Conj/Fire      0%         3d3       100%        5
 Dispersal                Tloc           0%         N/A       100%        6
 Plasma Beam              Fire/Air       0%         2x1d11    100%        6
 Starburst                Conj/Fire      0%         6d3       100%        6


Dungeon Overview and Level Annotations

Branches:
Dungeon (6/15)
 Temple: D:4-7

Altars:
Okawaru
Wu Jian

Shops:
D:5 *

Annotations:
D:3 2 transporters, hgbash's ghost, amateur DECj


Innate Abilities, Weirdness & Mutations

You are partially covered in yellow scales. (AC +2)
You regenerate magic rapidly.
You have a small tail.


Message History

Unknown command.
You hit the steam dragon.
The steam dragon is severely wounded.
You are engulfed in a cloud of scalding steam.
* * * LOW HITPOINT WARNING * * *
A centaur comes into view. It is wielding a +0 war axe.
The steam dragon bites you.
* * * LOW HITPOINT WARNING * * *
The steam dragon closely misses you.
The centaur unwields a +0 war axe.
The centaur wields a +0 shortbow.
The centaur shoots an arrow.
You block the arrow with an invisible shield... and reflect it back!
The arrow barely misses the centaur.
Unknown command.
Okay, then.
As you read the scroll of fear, it crumbles to dust.
You assume a fearsome visage.
The centaur looks frightened!
The steam dragon looks frightened!
You are engulfed in a cloud of scalding steam.
* * * LOW HITPOINT WARNING * * *
Unknown command.
Unknown command.
Okay, then.
A water moccasin comes into view.
You start resting.
A water moccasin is nearby!
A water moccasin is nearby!
Found a scroll of magic mapping.
You start resting.
A centaur is nearby!
A centaur is nearby!
A centaur is nearby!
Aiming: Thunderbolt
Press: ? - help, Shift-Dir - straight line, f - centaur
Aim: a centaur, wielding a +0 shortbow The thunderbolt hits the centaur!
The centaur is heavily wounded.
The centaur shoots an arrow.
The arrow hits you.
* * * LOW HITPOINT WARNING * * *
The centaur shoots an arrow.
The arrow hits you!
You die...

#...## #...#
##(..#######...##
##..S..........##
#.......c......####?
#...######...........
#...## ##.......... #
#.......####..........
.#.....................#
.<..............@###..##
...######.......## .#
o.## #####..## ..# #..#
..# #..# ... ..# ... #..
... #.


You could see a centaur.

Vanquished Creatures
  Pikel (D:5)
  Grinder (D:4)
  Menkaure (D:6)
  A black bear (D:4)
  4 ice beasts
  A centaur (D:5)
  2 ogres (D:4)
  A lemure (D:6)
  Blork the orc (D:4)
  A bullfrog (D:6)
  4 scorpions
  4 wights (D:6)
  An orc priest (D:6)
  4 hounds
  A sleepcap (D:5)
  Jessica (D:2)
  Natasha (thrice) (D:4)
  2 iguanas (D:5)
  2 orc wizards (D:5)
  6 gnolls
  5 adders
  A shadow imp (D:6)
  2 white imps
  An ufetubus (D:6)
  A worm (D:2)
  3 dart slugs
  13 orcs
  9 endoplasms
  3 giant cockroaches
  6 goblins
  4 hobgoblins
  3 jackals (D:4)
  4 quokkas
  8 ball pythons
  4 bats
  2 frilled lizards (D:1)
  5 kobolds
  5 rats
121 creatures vanquished.

Notes
Turn   | Place    | Note
-------+----------+-------------------------------------------
     0 | D:1      | Newt the Demonspawn Gladiator began the quest for the Orb.
     0 | D:1      | Reached XP level 1. HP: 16/16 MP: 1/1
   396 | D:1      | Gained mutation: You are partially covered in yellow
                  | scales. (AC +2) [demonic ancestry]
   396 | D:1      | Reached XP level 2. HP: 20/23 MP: 2/2
   415 | D:1      | Found a faded altar of an unknown god.
  1256 | D:2      | Noticed Jessica
  1268 | D:2      | Killed Jessica
  1269 | D:2      | Reached skill level 2 in Throwing
  1269 | D:2      | Gained mutation: You have a small tail. [demonic ancestry]
  1269 | D:2      | Reached XP level 3. HP: 14/30 MP: 3/3
  1670 | D:3      | Reached XP level 4. HP: 37/37 MP: 4/4
  1729 | D:3      | Found a transporter.
  1867 | D:3      | Found an iron altar of Okawaru.
  2343 | D:3      | Reached skill level 3 in Throwing
  2408 | D:3      | Noticed hgbash's ghost (amateur DECj)
  2409 | D:3      | Found a transporter.
  2774 | D:3      | Became a worshipper of Warmaster Okawaru
  2828 | D:4      | Noticed Blork the orc
  2844 | D:4      | Killed Blork the orc
  2845 | D:4      | Reached skill level 4 in Throwing
  2845 | D:4      | Reached XP level 5. HP: 35/42 MP: 5/5
  2992 | D:4      | Noticed a black bear
  3204 | D:4      | Reached skill level 5 in Throwing
  3204 | D:4      | Gained mutation: You regenerate magic rapidly. [demonic
                  | ancestry]
  3204 | D:4      | Reached XP level 6. HP: 48/48 MP: 6/6
  3214 | D:4      | Reached * piety under Okawaru
  3468 | D:4      | Noticed Natasha
  3480 | D:4      | Killed Natasha
  3481 | D:4      | Reached XP level 7. HP: 32/54 MP: 7/7
  3492 | D:4      | Noticed Natasha
  3504 | D:4      | Killed Natasha
  3538 | D:4      | Noticed Natasha
  3617 | D:4      | Killed Natasha
  3869 | D:4      | Noticed Grinder
  3871 | D:4      | Paralysed by Grinder for 5 turns
  3889 | D:4      | Killed Grinder
  3889 | D:4      | Reached ** piety under Okawaru
  3890 | D:4      | Reached skill level 6 in Throwing
  4073 | D:4      | Found an ornate altar of the Wu Jian Council.
  4431 | D:5      | Entered Level 5 of the Dungeon
  4553 | D:5      | Found Becvoux's Elemental Accessories.
  4568 | D:5      | Reached skill level 7 in Throwing
  4568 | D:5      | Reached XP level 8. HP: 60/60 MP: 8/8
  4570 | D:5      | Bought a lightning rod (4/4) for 330 gold pieces
  4922 | D:5      | Reached skill level 8 in Throwing
  5333 | D:6      | Noticed Menkaure
  5453 | D:6      | Reached skill level 5 in Fighting
  5634 | D:6      | Noticed Pikel
  5678 | D:5      | Killed Pikel
  5678 | D:5      | Reached *** piety under Okawaru
  5679 | D:5      | Reached skill level 5 in Dodging
  5679 | D:5      | Reached XP level 9. HP: 35/69 MP: 9/9
  6354 | D:6      | Reached skill level 1 in Maces & Flails
  6561 | D:6      | Killed Menkaure
  6561 | D:6      | Reached **** piety under Okawaru
  6562 | D:6      | Reached skill level 1 in Axes
  6568 | D:6      | HP: 1/69 [steam dragon] (3)]
  6587 | D:6      | Shot with an arrow by a centaur

Illustrated notes

Levels and vault maps discovered:
D:1:      tarquinn_simple_flora_water_e, layout_basic,
          ebering_ecumenical_altar_abandoned
D:2:      minmay_chambers_of_twos, layout_rooms, serial_bayou_pond_b,
          uniq_jessica
D:3:      layout_loops_ring, amcnicky_altar_gilded, gammafunk_ghost_arena
D:4:      layout_loops_cross, pdpol_wu_jian_five_deadly_venoms, uniq_grinder,
          uniq_natasha, uniq_blork_the_orc
D:5:      layout_rooms, nicolae_elemental_shop
D:6:      layout_layer_cave, uniq_pikel, uniq_prince_ribbit1, uniq_menkaure

Skill      XL: |  1  2  3  4  5  6  7  8  9 |
---------------+----------------------------+-----
Fighting       | 4 6 |  6.0
Throwing       | 2 4 5 7 8 |  8.0
Dodging        | 4 5 6 |  6.0
Short Blades   | 3 4 |  4.0
Maces & Flails | 2 |  2.9
Axes           | 1 |  1.6

Action                     |  1- 3 |  4- 6 |  7- 9 || total
---------------------------+-------+-------+-------++-------
  Melee: Rapier            |   115 |     7 |       ||   122
         Tailslap          |     5 |    19 |    34 ||    58
         Dagger            |       |    39 |       ||    39
         Short sword       |       |    67 |   236 ||   303
         Punch             |       |     2 |     2 ||     4
         Whip              |       |       |    38 ||    38
         Battleaxe         |       |       |     7 ||     7
  Throw: Stone             |     3 |       |    55 ||    58
         Throwing net      |     1 |     3 |     5 ||     9
         Javelin           |     1 |     1 |       ||     2
         Boomerang         |       |     5 |     8 ||    13
  Evoke: Lightning rod     |       |       |     3 ||     3
    Use: Scroll            |     4 |       |     8 ||    12
         Potion            |       |       |     6 ||     6
   Stab: Sleeping          |     1 |       |       ||     1
 Armour: Leather armour    |    32 |    23 |    53 ||   108
  Dodge: Dodged            |    55 |    43 |   143 ||   241
  Block: Other             |       |    32 |    42 ||    74
         Reflection        |       |       |     1 ||     1

Table legend: (Time is in decaauts)
 A = Elapsed time spent in this place.
 B = Non-inter-level travel time spent in this place.
 C = Inter-level travel time spent in this place.
 D = Time resting spent in this place.
 E = Time spent auto-exploring this place.
 F = Levels seen in this place.
 G = Mean time per level.
                   A        B        C        D        E       F      G
               +--------+--------+--------+--------+--------+-----+--------+
         Total |   6543 |   6222 |    321 |   1722 |   3416 |   6 | 1090.5 |
       Dungeon |   6543 |   6222 |    321 |   1722 |   3416 |   6 | 1090.5 |
               +--------+--------+--------+--------+--------+-----+--------+

Top non-repeatable levels by time:
     D:4: 1979 daAuts
     D:5: 1111 daAuts
     D:1: 1008 daAuts
     D:6: 991 daAuts
     D:3: 788 daAuts
     D:2: 664 daAuts
